 Dungeon Crawl Stone Soup version 0.32-a0-656-g3542139ebd (webtiles) character file.

Game seed: 11071861953141875356

2195 adelrune the Cutter (level 9, -9/68 HPs)
             Began as a Coglin Hunter on Mar 8, 2024.
             Was a Follower of Yredelemnul.
             Killed from afar by an electric eel (14 damage)
             ... with a bolt of electricity
             ... on level 6 of the Dungeon.
             The game lasted 00:16:46 (5466 turns).

adelrune the Cutter (Coglin Hunter)                 Turns: 5466, Time: 00:16:46

Health: -9/68      AC: 11    Str: 12    XL:     9   Next: 34%
Magic:  10/10      EV: 11    Int:  8    God:    Yredelemnul [*.....]
Gold:   221        SH:  0    Dex: 22    Spells: 8/8 levels left

rFire   . . .        o - +9 dagger of Anxiety {speed, rCorr}
rCold   . . .        d - +4 dagger {Chujiro}
rNeg    . . .        s - +2 scale mail {Will+}
rPois   .            j - +0 helmet
rElec   .            n - +0 cloak
rCorr   +            l - +0 pair of gloves
SInv    .            (no boots)
Will    +....        (amulet unavailable)
Stlth   ++           (ring unavailable)
HPRegen 0.31/turn    (ring unavailable)
MPRegen 0.12/turn    (no gizmo)

%: no passive effects
@: wreathed by umbra, revving
A: off-hand wielding, slow wielding, warmup strikes, no jewellery
a: Invent Gizmo, Renounce Religion, Light the Black Torch, Recall Undead Harvest


You were on level 6 of the Dungeon.
You worshipped Yredelemnul.
Yredelemnul was noncommittal.
You visited 2 branches of the dungeon, and saw 7 of its levels.

You collected 221 gold pieces.

Inventory:

Hand Weapons
 d - a +4 dagger (offhand) {Chujiro}
 o - the +9 dagger of Anxiety (weapon) {speed, rCorr}
   (You found it on level 2 of the Dungeon)

   rCorr:     It protects you from acid and corrosion.
Missiles
 r - a throwing net (quivered)
Armour
 j - a +0 helmet (worn)
 l - a +0 pair of gloves (worn)
 n - a +0 cloak (worn)
 s - a +2 scale mail of willpower (worn)
Wands
 a - a wand of digging (6)
 B - a wand of flame (10)
Scrolls
 b - a scroll of butterflies
 e - 4 scrolls of identify {unknown}
 f - a scroll of teleportation {unknown}
 i - a scroll of brand weapon {unknown}
 k - 2 scrolls of noise {unknown}
 m - a scroll of blinking {unknown}
 q - 3 scrolls of fog {unknown}
 v - a scroll of amnesia {unknown}
 y - a scroll of immolation {unknown}
Potions
 c - a potion of heal wounds {unknown}
 g - a potion of curing {unknown}
 h - a potion of degeneration {unknown}
 p - a potion of might {unknown}
 t - 2 potions of lignification {unknown}
 u - a potion of enlightenment {unknown}
 w - 2 potions of haste {unknown}
 x - a potion of brilliance {unknown}
 z - a potion of mutation {unknown}
 A - a potion of ambrosia {unknown}
 C - a potion of attraction {unknown}


   Skills:
 + Level 5.5 Fighting
 * Level 6.3 Short Blades
 - Level 4.3 Ranged Weapons
 + Level 5.1 Dodging
 + Level 4.3 Stealth
 + Level 2.4 Invocations


You had 8 spell levels left.
You didn't know any spells.
Your spell library contained the following spells:

 Spells                   Type           Power      Damage    Failure   Level
 Magic Dart               Conj           0%         1d3       94%         1
 Necrotise                Necr           0%         1d4       94%         1
 Blink                    Tloc           0%         N/A       98%         2
 Call Imp                 Summ           0%         N/A       98%         2
 Hailstorm                Conj/Ice       0%         3d5       100%        3
 Ozocubu's Armour         Ice            0%         N/A       100%        3
 Summon Ice Beast         Ice/Summ       0%         N/A       100%        3
 Vampiric Draining        Necr           0%         2d6       100%        3
 Martyr's Knell           Necr/Summ      0%         N/A       100%        4
 Curse of Agony           Necr           0%         N/A       100%        5
 Metabolic Englaciation   Hex/Ice        0%         N/A       100%        5
 Sculpt Simulacrum        Ice/Alch       0%         N/A       100%        6


Dungeon Overview and Level Annotations

Branches:
Dungeon (6/15)             Temple (1/1) D:5

Altars:
Ashenzari
Cheibriados
Dithmenos
Elyvilon
Fedhas
Gozag
Hepliaklqana
Kikubaaqudgha
Makhleb
Nemelex Xobeh
Okawaru
Ru
Sif Muna
Trog
Uskayaw
Vehumet
Wu Jian
Xom
Yredelemnul
Zin
The Shining One


Innate Abilities, Weirdness & Mutations

You can wield a second weapon in your off-hand.
It takes a long time for you to wield or remove held weapons.
Your first few attacks do less damage.
You cannot equip rings or amulets.


Message History

The naga ritualist shouts!
The black mamba hisses angrily.
You hear an angry hiss.
You hear a shout!
The merfolk aquamancer shouts!
The merfolk shouts!
The merfolk avatar shouts!
The naga ritualist shouts!
The merfolk shouts! x2
The snapping turtle hisses angrily.
The naga warrior shouts!
The sea snake hisses angrily.
There is a broken altar of Ashenzari here.
The sea snake hisses angrily.
An electric eel comes into view.
The electric eel shoots out a bolt of lightning at your scorpion zombie!
The bolt of electricity hits you.
The bolt of electricity hits your scorpion zombie!
Your scorpion zombie is destroyed!
An electric eel comes into view.
The electric eel shoots out a bolt of lightning at you!
The bolt of electricity hits you! x2
The electric eel shoots out a bolt of lightning at you!
The bolt of electricity hits the electric eel.
The electric eel completely resists.
The bolt of electricity hits you!
The electric eel shoots out a bolt of lightning at you!
The bolt of electricity hits you! x2
* * * LOW HITPOINT WARNING * * *
You hit the electric eel with your +4 dagger.
The electric eel is lightly wounded.
You closely miss the electric eel with the +9 dagger of Anxiety.
The electric eel shoots out a bolt of lightning at you!
The bolt of electricity hits you!
* * * LOW HITPOINT WARNING * * *
The bolt of electricity hits your scorpion zombie! x2
The bolt of electricity hits you.
* * * LOW HITPOINT WARNING * * *
A phantom comes into view.
You swap places.
The electric eel shoots out a bolt of lightning at you!
The bolt of electricity hits the electric eel.
The electric eel completely resists.
The bolt of electricity hits your scorpion zombie!
The bolt of electricity hits you!
You die...
Your body rises from the dead as a mindless zombie.

...♣ #...Z.....#. #..~~≈
♣#####.########## #..♣~≈ ≈
♣........# # ..♣~~≈ ≈≈
♣..####Z#.# # # ♣~≈ ≈≈≈ ..#
#.#.# # . S~ ≈≈≈≈ ♣.####.#.#
...~P ≈≈≈≈≈S~ ♣.##Z..#.#
...~♣~≈≈≈W≈≈≈~♣♣♣.##.##..#
...♣~~~~≈≈≈~~~SZ@.##.#...####
...♣~♣~~≈≈~~~~~♣..Z.........+
....♣~~~~~~~~~♣♣#####....####
...#~P~P~~P~~~ #.#.## ..#
♣~~♣~~~~~ #.### .####S~~~~~~~
#.# ......♣ ~♣~~ #.# #####.♣
~~♣ #.# #####.# ~ #.#


You could see a phantom, 2 electric eels, a friendly scorpion zombie and a
friendly sky beast zombie.

Vanquished Creatures
  A two-headed ogre (D:6)
  A sky beast (D:6)
  A black bear (D:5)
  An ogre (D:5)
  A phantom (D:6)
  8 scorpions
  An electric eel (D:6)
  3 bombardier beetles
  4 hounds
  A jelly (D:6)
  An orc priest (D:4)
  A sleepcap (D:5)
  2 iguanas (D:5)
  Terence (D:2)
  6 orc wizards
  3 gnolls (D:5)
  6 adders
  A white imp (D:5)
  2 ufetubi (D:6)
  2 dart slugs
  A ribbon worm (D:1)
  21 orcs
  5 bats
  8 endoplasms
  6 giant cockroaches
  7 goblins
  12 hobgoblins
  7 jackals
  5 quokkas
  8 ball pythons
  5 frilled lizards
  9 kobolds
  16 rats
157 creatures vanquished.

Vanquished Creatures (collateral kills)
  2 orcs (D:6)
2 creatures vanquished.

Vanquished Creatures (others)
  A scorpion zombie (D:6)
  An adder zombie (D:6)
  A spectral white imp (D:5)
3 creatures vanquished.

Grand Total: 162 creatures vanquished

Notes
Turn   | Place    | Note
-------+----------+-------------------------------------------
     0 | D:1      | adelrune the Coglin Hunter began the quest for the Orb.
     0 | D:1      | Reached XP level 1. HP: 16/16 MP: 1/1
     1 | D:1      | Found a runed translucent door.
   258 | D:1      | Reached XP level 2. HP: 22/22 MP: 2/2
   727 | D:1      | Reached XP level 3. HP: 28/28 MP: 3/3
   792 | D:2      | Found a faded altar of an unknown god.
   844 | D:2      | Identified the +9 dagger of Anxiety {speed, rCorr}
  1221 | D:2      | Reached XP level 4. HP: 34/34 MP: 4/4
  1368 | D:2      | Noticed Terence
  1391 | D:2      | Killed Terence
  1392 | D:2      | Reached skill level 1 in Short Blades
  1392 | D:2      | Reached skill level 1 in Stealth
  1678 | D:3      | Reached XP level 5. HP: 38/40 MP: 5/5
  2244 | D:4      | Reached skill level 2 in Short Blades
  2300 | D:4      | Reached XP level 6. HP: 45/47 MP: 6/6
  2656 | D:4      | Reached skill level 3 in Short Blades
  2771 | D:4      | Reached XP level 7. HP: 53/53 MP: 7/7
  2990 | D:4      | Found a bloodstained altar of Trog.
  3519 | D:5      | Entered Level 5 of the Dungeon
  3624 | D:5      | Found a shadowy altar of Dithmenos.
  3646 | D:5      | Reached skill level 4 in Short Blades
  3665 | D:5      | Reached XP level 8. HP: 22/61 MP: 8/8
  3798 | D:5      | Found a staircase to the Ecumenical Temple.
  3806 | Temple   | Entered the Ecumenical Temple
  3816 | Temple   | Became a worshipper of Yredelemnul the Fallen
  3842 | D:5      | Found a white marble altar of Elyvilon.
  4334 | D:5      | Reached skill level 1 in Invocations
  4466 | D:6      | Reached skill level 5 in Short Blades
  4717 | D:6      | Found a shimmering blue altar of Sif Muna.
  4815 | D:6      | Noticed a two-headed ogre
  4818 | D:6      | Found a radiant altar of Vehumet.
  4828 | D:6      | Killed a two-headed ogre
  4829 | D:6      | Reached skill level 5 in Fighting
  4829 | D:6      | Reached skill level 6 in Short Blades
  4829 | D:6      | Reached skill level 5 in Dodging
  4829 | D:6      | Reached XP level 9. HP: 36/68 MP: 10/10
  4840 | D:6      | Reached * piety under Yredelemnul
  5392 | D:6      | Found a broken altar of Ashenzari.
  5397 | D:6      | Saw a vision of the Shoals and the Snake Pit.
  5397 | D:6      | Noticed a black mamba
  5397 | D:6      | Noticed a black mamba
  5397 | D:6      | Noticed a naga ritualist
  5397 | D:6      | Noticed a merfolk aquamancer
  5397 | D:6      | Noticed a manticore
  5397 | D:6      | Noticed a naga mage
  5397 | D:6      | Noticed a merfolk
  5397 | D:6      | Noticed a salamander
  5397 | D:6      | Noticed a sea snake
  5397 | D:6      | Noticed a merfolk avatar
  5397 | D:6      | Noticed a skyshark
  5397 | D:6      | Noticed a merfolk
  5397 | D:6      | Noticed a mana viper
  5397 | D:6      | Noticed a naga sharpshooter
  5397 | D:6      | Noticed a merfolk
  5397 | D:6      | Noticed a naga warrior
  5397 | D:6      | Noticed a salamander
  5398 | D:6      | Noticed a naga ritualist
  5398 | D:6      | Noticed a naga warrior
  5398 | D:6      | Noticed a merfolk
  5398 | D:6      | Noticed a sea snake
  5399 | D:6      | Noticed a black mamba
  5466 | D:6      | Killed from afar by an electric eel

Illustrated notes

Levels and vault maps discovered:
D:1:      dpeg_arrival_caged_fury, layout_loops_ring
D:2:      layout_loops_cross, dreamdust_ecumenical_altar_grove, uniq_terence
D:3:      layout_basic
D:4:      nicolae_cairo_tiling_large_dashed, layout_basic, lemuel_doored_altar
D:5:      layout_loops_cross, general_overflow_altar, old_standard_altar,
          minmay_temple_entry_mist, nicolae_elevator_lobby_asterisk
D:6:      layout_loops_corners, tgw_sif, grunt_ashenzari_visionary
          [grunt_ashenzari_visionary_shoals, grunt_ashenzari_visionary_snake],
          vehumet_altar_wand_db, serial_bayou_lake_a
Temple:   hellmonk_temple_of_storms

Skill      XL: |  1  2  3  4  5  6  7  8 |
---------------+-------------------------+-----
Dodging        | 2 3 4 5 |  5.1
Ranged Weapons | 4 |  4.3
Short Blades   | 1 2 3 4 6 |  6.3
Stealth        | 1 2 3 4 |  4.3
Fighting       | 3 4 5 |  5.5
Invocations    | 2 |  2.4

Action                     |  1- 3 |  4- 6 |  7- 9 || total
---------------------------+-------+-------+-------++-------
  Melee: Dagger            |    12 |   140 |   277 ||   429
         Short sword       |    12 |    64 |       ||    76
   Fire: Sling             |   142 |       |       ||   142
 Invoke: Light the Black T |       |       |     2 ||     2
   Stab: Sleeping          |       |     1 |       ||     1
         Distracted        |       |       |     1 ||     1
 Armour: Leather armour    |    17 |    13 |       ||    30
         Scale mail        |       |    38 |   116 ||   154
         Skin              |       |     5 |       ||     5
  Dodge: Dodged            |    19 |    45 |    46 ||   110

Table legend: (Time is in decaauts)
 A = Elapsed time spent in this place.
 B = Non-inter-level travel time spent in this place.
 C = Inter-level travel time spent in this place.
 D = Time resting spent in this place.
 E = Time spent auto-exploring this place.
 F = Levels seen in this place.
 G = Mean time per level.
                   A        B        C        D        E       F      G
               +--------+--------+--------+--------+--------+-----+--------+
         Total |   5408 |   5125 |    283 |    714 |   3162 |   7 |  772.6 |
       Dungeon |   5389 |   5114 |    275 |    714 |   3162 |   6 |  898.2 |
        Temple |     19 |     11 |      8 |      0 |      0 |   1 |   19.0 |
               +--------+--------+--------+--------+--------+-----+--------+

Top non-repeatable levels by time:
     D:4: 1088 daAuts
     D:6: 1003 daAuts
     D:5: 886 daAuts
     D:1: 863 daAuts
     D:2: 843 daAuts
     D:3: 703 daAuts
  Temple: 19 daAuts
